 Dungeon Crawl Stone Soup version 0.23.2-33-g5129a83184 (webtiles) character file.

Game seed: 14786861215999239311

331 Gwenloh the Shield-Bearer (level 6, -2/48 HPs)
             Began as a Human Fighter on July 20, 2019.
             Killed from afar by an orc wizard (3 damage)
             ... with a magic dart
             ... on level 3 of the Dungeon on July 21, 2019.
             The game lasted 00:19:45 (3203 turns).

Gwenloh the Shield-Bearer (Human Fighter)           Turns: 3203, Time: 00:19:49

Health: -2/48      AC:  8    Str: 16    XL:     6   Next: 81%
Magic:  6/6        EV:  8    Int:  9    God:
Gold:   171        SH:  4    Dex: 14    Spells: 5/5 levels left

rFire    . . .     SeeInvis .   a - +0 long sword
rCold    . . .     Gourm    .   r - +0 buckler
rNeg     . . .     Faith    .   g - +0 scale mail
rPois    .         Spirit   .   d - +0 helmet
rElec    .         Reflect  .   (no cloak)
rCorr    .         Harm     .   w - +0 pair of gloves
MR       .....                  (no boots)
Stlth    ..........             (no amulet)
HPRegen  0.16/turn              (no ring)
MPRegen  0.10/turn              (no ring)

@: very heavily drained
A: no striking features
a: no special abilities


You were on level 3 of the Dungeon.
You were not hungry.

You visited 1 branch of the dungeon, and saw 3 of its levels.

You collected 171 gold pieces.

Inventory:

Hand Weapons
 a - a +0 long sword (weapon)
 b - a +0 hunting sling
Missiles
 e - 129 stones (quivered)
 x - a tomahawk
Armour
 c - a +0 shield
 d - a +0 helmet (worn)
 g - a +0 scale mail (worn)
 r - a +0 buckler (worn)
 w - a +0 pair of gloves (worn)
Jewellery
 u - an uncursed ring of protection from cold {unknown}
Wands
 l - a wand of flame (8)
Scrolls
 h - 3 scrolls of remove curse {unknown}
 j - 2 scrolls of fear {unknown}
 n - 3 scrolls of enchant weapon {unknown}
 s - a scroll of identify {unknown}
 t - 2 scrolls of noise {unknown}
 v - a scroll of teleportation {unknown}
Potions
 i - a potion of haste {unknown}
 k - a potion of agility {unknown}
 m - a potion of heal wounds
 o - 5 potions of brilliance {unknown}
 p - a potion of curing {unknown}
Comestibles
 f - 7 rations
 q - 3 chunks of flesh


   Skills:
 + Level 4.1(0.8) Fighting
 + Level 3.3(0.1) Long Blades
 + Level 4.1(0.7) Armour
 + Level 2.5(0.0) Dodging
 + Level 4.1(0.8) Shields


You had 5 spell levels left.
You didn't know any spells.
Your spell library was empty.

Dungeon Overview and Level Annotations

Branches:
Dungeon (3/15)

Altars:
Fedhas
Qazlal
Uskayaw


Message History

You barely miss the orc wizard.
The orc wizard is heavily wounded.
The orc wizard hits you with a +0 dagger.
The orc wizard closely misses you.
You hit the orc wizard.
The orc wizard is almost dead.
The orc wizard gestures at you while chanting.
The puff of flame hits you!
* * * LOW HITPOINT WARNING * * *
You hit the orc wizard but do no damage.
The orc wizard is almost dead.
You block the orc wizard's attack.
You hit the orc wizard but do no damage.
The orc wizard is almost dead.
The orc wizard gestures at you while chanting.
The puff of frost hits you!
* * * LOW HITPOINT WARNING * * *
The orc wizard casts a spell at you. The magic dart hits you.
You die...

.# #.##.## #..# ##
####.#...###..#
#......_...(..#
#..###...#)####
#.######..# ##o##.#
#.........# #....#
#...##.##.####.####
#####.. #o##......#
#.....####@#######.#
#.#..#....)....)).#
#......#..#########
##.......# ##.######
#.# #.# #######.#
#.......######


You could see an orc wizard.

Vanquished Creatures
  A bullfrog skeleton (D:3)
  Terence (D:3)
  4 orc wizards
  Robin (D:2)
  4 adders
  4 dart slugs
  6 leopard geckos
  7 orcs
  8 bats
  5 giant cockroaches
  16 goblins
  11 hobgoblins
  8 jackals
  A quokka (D:2)
  A ball python (D:1)
  5 frilled lizards
  8 kobolds
  7 rats
98 creatures vanquished.

Notes
Turn   | Place    | Note
-------+----------+-------------------------------------------
     0 | D:1      | Gwenloh the Human Fighter began the quest for the Orb.
     0 | D:1      | Reached XP level 1. HP: 18/18 MP: 1/1
   161 | D:1      | Reached XP level 2. HP: 24/24 MP: 2/2
   414 | D:1      | Reached XP level 3. HP: 29/29 MP: 3/3
   501 | D:1      | Reached skill level 1 in Dodging
   692 | D:2      | Found a faded altar of an unknown god.
   748 | D:2      | Found a stormy altar of Qazlal.
   879 | D:2      | Reached XP level 4. HP: 27/35 MP: 4/4
  1002 | D:2      | Noticed Robin
  1188 | D:2      | Killed Robin
  1527 | D:2      | Found a hide-covered altar of Uskayaw.
  1711 | D:2      | Reached XP level 5. HP: 41/41 MP: 5/5
  1784 | D:3      | Noticed Terence
  2218 | D:2      | Reached XP level 6. HP: 10/48 MP: 6/6
  3108 | D:3      | Found a blossoming altar of Fedhas.
  3154 | D:3      | Killed Terence
  3203 | D:3      | HP: 1/48 [orc wizard/puff of frost (9)]
  3203 | D:3      | Killed from afar by an orc wizard

Skill      XL: |  1  2  3  4  5  6 |
---------------+-------------------+-----
Dodging        | 1 2 |  2.5
Long Blades    | 3 |  3.3
Fighting       | 4 |  4.1
Shields        | 4 |  4.1
Armour         | 4 |  4.1

Action                   |  1- 3 |  4- 6 || total
-------------------------+-------+-------++-------
Melee: Long sword        |   116 |   238 ||   354
 Fire: Hunting sling     |       |    25 ||    25
Throw: Stone             |     5 |       ||     5
Evoke: Wand              |       |     3 ||     3
  Use: Potion            |       |     1 ||     1
  Eat: Chunk             |       |     8 ||     8
Armor: Scale mail        |    44 |   126 ||   170
Dodge: Dodged            |    21 |   112 ||   133
Block: Shield            |    60 |    46 ||   106
       Buckler           |       |    43 ||    43
       Rpst.: Long sword |     8 |    38 ||    46
